[Event "Open NK Rapid 2025 bord 26-50"]
[Site "Helmond, Netherlands"]
[Date "2025.05.03"]
[Round "5.23"]
[White "Gotes Perez, Jaume"]
[Black "Zhang, Xiheng"]
[Result "0-1"]
[TimeControl "15 min +5 sec increment"]
[WhiteFideId "2276801"]
[BlackFideId "40102386"]
[WhiteElo "2005"]
[BlackElo "1778"]

1. e4 c5 2. Nc3 e6 3. Nf3 Nc6 4. d4 cxd4 5. Nxd4 Nf6 6. Nxc6 bxc6 7. e5 Nd5 8. Ne4 Qc7 9. f4 Qb6 10.
Qd2 Ba6 11. Bxa6 Qxa6 12. Nd6+ Bxd6 13. exd6 Qc4 14. b3 Qe4+ 15. Qe2 Qd4 16. Qe5 Qxe5+ 17. fxe5 f6 18. exf6 Nxf6 19. Bb2 O-O 20.
O-O Ne4 21. Be5 Rf5 22. Rxf5 exf5 23. Rd1 Re8 24. Bd4 Kf7 25. a4 a6 26. Bb2 g6 27. Ba3 Re5 28. c4 Nf6 29. Bb2 Re3 30. Bxf6 Kxf6 31. Rb1 Rc3 32. Re1 Rxb3 33. Re7 Rb4 34. Rxd7 Rxc4 35. Rxh7 Rxa4 36. Rc7 Rc4 37. Ra7 Ke6 38. d7 Ke7 39.
Kf2 Rd4 40. Rxa6 Kxd7 41. Ra7+ Ke6 42.
Rg7 Kf6 43. Rc7 Rd6 44. h4 Ke5 45. g3 Kd4 46. Kf3 c5 47. Kf4 c4 48. h5 gxh5 49. Kxf5 Rd5+ 50. Kg6 c3 51. Re7 Kd3 52.
Re1 c2 53. Rh1 Kd2 54. Rh2+ Kc3 55. Rh1 Kb2 56. Rh2 Kb1 0-1

[Event "Open NK Rapid 2025 bord 26-50"]
[Site "Helmond, Netherlands"]
[Date "2025.05.03"]
[Round "5.24"]
[White "Hylarides, Charlie Ronald"]
[Black "Husers, Yannic"]
[Result "1-0"]
[TimeControl "15 min +5 sec increment"]
[WhiteFideId "40105822"]
[BlackFideId "1043587"]
[WhiteElo "1774"]
[BlackElo "2002"]

1. d4 Nf6 2. Bg5 e6 3. e4 Be7 4.
e5 Nd5 5. Bxe7 Nxe7 6. Bd3 c5 7. dxc5 Qa5+ 8. Nc3 Qxc5 9. Nf3 Nbc6 10. Ne4 Qa5+ 11. Qd2 Qxd2+ 12. Kxd2 O-O 13. Nd6 Ng6 14.
Rae1 Nf4 15. Be4 Nxg2 16. Reg1 Nf4 17. h4 Ng6 18. Bxc6 bxc6 19. h5 Ne7 20. h6 g6 21. Ne4 Nd5 22.
c4 f5 23. Neg5 Ne7 24. Nh3 c5 25. Nh4 Bb7 26. Rh2 Kh8 27. Nf4 Rg8 28. Nd3 Rac8 29. Kc3 g5 30. Ng2 f4 31. Nge1 Nf5 32.
Rh5 Nd4 33. Rgxg5 Rxg5 34. Rxg5 Rf8 35. Nxc5 Bc6 36. Rg7 Nf5 37. Rg4 Nxh6 38. Rh4 Kg7 39. Ned3 f3 40. Nf4 Rf5 41. Nh5+ Kg6 42. Ng3 Rxe5 43.
Nd3 Rg5 44. Nf4+ Kg7 45. Ngh5+ Kf7 46. Ng3 Nf5 47. Rxh7+ Kg8 48. Rh1 Nxg3 49. fxg3 f2 50. Rf1 Rxg3+ 51. Kd2 Rf3 52. Nd3 Rh3 53. Rxf2 Kg7 54. Ne5 Be4 55. Rf7+ Kg8 56. Rxd7 Rh2+ 57.
Kc3 a6 58. Ng4 Rh3+ 59. Kd4 Rd3+ 60.
Kxe4 1-0

[Event "Open NK Rapid 2025 bord 26-50"]
[Site "Helmond, Netherlands"]
[Date "2025.05.03"]
[Round "5.25"]
[White "Hoornstra, Hans"]
[Black "Rohatgi, Kushagra"]
[Result "0-1"]
[TimeControl "15 min +5 sec increment"]
[WhiteFideId "1036076"]
[BlackFideId "34603212"]
[WhiteElo "1976"]
[BlackElo "1774"]

1. e4 c6 2. d4 d5 3. exd5 cxd5 4. Bd3 Nc6 5. c3 Nf6 6. h3 e5 7. dxe5 Nxe5 8. Bb5+ Bd7 9. Qa4 Nd3+ 10.
Kf1 Nxc1 11. Na3 Bxa3 12. Rxc1 Be7 13. Nf3 a6 14. Bxd7+ Qxd7 15. Qc2 O-O 16. g3 Bd6 17. Kg2 Rfe8 18.
Rcd1 Rac8 19. Rd2 Bc7 20. Rhd1 Bb6 21. Qb3 Qc6 22. Qb4 Qc5 23. Qh4 h6 24. Rd4 Re4 25. Rxe4 Qxf2+ 26. Kh1 Qxf3+ 0-1

[Event "Open NK Rapid 2025 bord 26-50"]
[Site "Helmond, Netherlands"]
[Date "2025.05.03"]
[Round "6.1"]
[White "Bakels, Anton"]
[Black "Vasylchenko, Maksym"]
[Result "0-1"]
[TimeControl "15 min +5 sec increment"]
[WhiteFideId "1046187"]
[BlackFideId "34150617"]
[WhiteElo "2025"]
[BlackElo "1853"]

1. e4 c5 2. Nf3 d6 3. d4 cxd4 4. Nxd4 Nf6 5. Nc3 g6 6. Be3 Bg7 7. f3 O-O 8. Qd2 Nc6 9. O-O-O d5 10.
exd5 Nxd5 11. Nxc6 bxc6 12. Bd4 e5 13. Bc5 Re8 14. Bc4 Qa5 15. Nxd5 Qxc5 16. Nc7 Qxc4 17. Nxe8 Qxa2 18. Qd8 Bh6+ 0-1

[Event "Open NK Rapid 2025 bord 26-50"]
[Site "Helmond, Netherlands"]
[Date "2025.05.03"]
[Round "6.3"]
[White "Kazarjan, Gachatur"]
[Black "Shakya, Amin"]
[Result "1-0"]
[TimeControl "15 min +5 sec increment"]
[WhiteFideId "1068750"]
[BlackFideId "12311677"]
[WhiteElo "2155"]
[BlackElo "1826"]

1. e4 c6 2. d4 d5 3. Nd2 dxe4 4. Nxe4 Nf6 5. Nxf6+ exf6 6. c3 Bd6 7. Bd3 Nd7 8. Qc2 Nf8 9. Ne2 Be6 10. Be3 Ng6 11. h4 Qc7 12. g3 Bd5 13. Rg1 O-O-O 14. c4 Bf3 15. O-O-O Bxe2 16. Qxe2 Qa5 17. Kb1 Rhe8 18. Qf3 Nf8 19. d5 cxd5 20. Bf5+ Kb8 21. Rxd5 Qa6 22. Rgd1 Bc7 23.
Bf4 Rxd5 24. Qxd5 Ne6 25. Bxc7+ Nxc7 26. Qd8+ 1-0

[Event "Open NK Rapid 2025 bord 26-50"]
[Site "Helmond, Netherlands"]
[Date "2025.05.03"]
[Round "6.4"]
[White "Teianu, Sabin"]
[Black "Elferink, Leon"]
[Result "1/2-1/2"]
[TimeControl "15 min +5 sec increment"]
[WhiteFideId "1095846"]
[BlackFideId "1086545"]
[WhiteElo "2089"]
[BlackElo "1822"]

1. d4 d5 2. c4 e6 3. Nc3 Nf6 4. Nf3 c6 5. e3 Nbd7 6. Be2 Be7 7. O-O O-O 8. b3 b6 9. Bb2 Bb7 10. Rc1 Re8 11. Bd3 Nf8 12. e4 dxe4 13.
Nxe4 c5 14. Re1 Nxe4 15. Bxe4 Bxe4 16. Rxe4 Bf6 17. Qc2 cxd4 18. Bxd4 Bxd4 19. Nxd4 Qf6 20. Nb5 Red8 21. Rd1 Rxd1+ 22. Qxd1 Rd8 23. Rd4 Rxd4 24. Qxd4 Qf5 25. h3 Qb1+ 26. Kh2 Qxa2 27. b4 e5 28. Qd5 Qxf2 29. Qxe5 h6 30. Nxa7 Ne6 31. Qg3 Qd4 32. Qb3 Nf4 33. Nb5 Qf2 34. Qf3 Qxf3 35.
gxf3 Nd3 36. Nc7 Ne5 37. c5 bxc5 38. bxc5 Nxf3+ 39. Kg3 Nd4 40. Nd5 Nc6 41. Kf4 g6 42. Ke4 f5+ 43. Kf4 Kf7 44. Nc7 Nd8 45. Ke5 Ke7 46.
h4 Kd7 47. Nd5 Nc6+ 48. Kf6 g5 49. hxg5 hxg5 50. Kxf5 1/2-1/2

[Event "Open NK Rapid 2025 bord 26-50"]
[Site "Helmond, Netherlands"]
[Date "2025.05.03"]
[Round "6.5"]
[White "Ruben, Berend"]
[Black "Werkhoven, Maarten"]
[Result "0-1"]
[TimeControl "15 min +5 sec increment"]
[WhiteFideId "1084682"]
[BlackFideId "1014188"]
[WhiteElo "2074"]
[BlackElo "1822"]

1. e4 e5 2. Nf3 Nc6 3. d4 d6 4. dxe5 Nxe5 5. Bf4 Nxf3+ 6. Qxf3 Be7 7. Bc4 Nf6 8. h3 O-O 9. Nc3 c6 10.
O-O-O Ne8 11. Rd3 Be6 12. Bxe6 fxe6 13. Qg4 Rxf4 14. Qxe6+ Kh8 15. f3 Rf6 16. Qc4 Rf8 17. Re1 Qb6 18.
Qe6 Bf6 19. g4 Bxc3 20. Rxc3 Nc7 21. Qd7 Rad8 22. Qe7 Nb5 23. Rce3 Qc7 24. Qh4 Qf7 25. Kb1 Nd4 26. Rf1 Ne6 27.
f4 Rde8 28. g5 g6 29. f5 Ng7 30. Ref3 Rg8 31. Qf4 Re5 32. fxg6 Qxf4 33. Rxf4 hxg6 34. h4 Nh5 35. Rf7 Rg7 36. Rf8+ Kh7 37. Ra8 a6 38. Rff8 Rge7 39. Rh8+ Kg7 40. Rhg8+ Kf7 41. Raf8+ Ke6 42.
Rxg6+ Kd7 43. Rh6 Rxe4 44. a3 Rxh4 45. Rfh8 Rh1+ 46. Ka2 Ng3 47. Rxh1 Nxh1 48. Rxh1 Rg7 49. g6 Ke6 50. Rh7 Kf6 51.
Rh6 Rxg6 52. Rh7 Rg7 53.
Rh6+ Ke5 54. Kb3 b5 55. Rh5+ Ke6 56.
Rh6+ Ke5 57. Rh5+ Kf4 58. Rh4+ Ke5 59. Rh5+ Ke6 60. Rh6+ Kd7 61. Rh8 Rg3+ 62. c3 Kc7 63. Rh6 Rg5 64. a4 c5 65. axb5 axb5 66.
Rh7+ Kc6 67. Rh8 Rg7 68. Rh5 Rb7 69. Kc2 c4 70. Rh8 Kc5 71.
Rc8+ Kd5 72. Re8 b4 73.
Rh8 b3+ 74. Kd2 Re7 75. Rh3 Re5 76. Rh4 Rg5 77. Rd4+ Kc5 78. Re4 Rg2+ 0-1

[Event "Open NK Rapid 2025 bord 26-50"]
[Site "Helmond, Netherlands"]
[Date "2025.05.03"]
[Round "6.6"]
[White "Geboers, Jimmy"]
[Black "Omnes, Tiago"]
[Result "1-0"]
[TimeControl "15 min +5 sec increment"]
[WhiteFideId "262919"]
[BlackFideId "1091867"]
[WhiteElo "2065"]
[BlackElo "1813"]

1. d4 Nf6 2. c4 g6 3. Nc3 Bg7 4. e4 d6 5. f4 O-O 6. Nf3 Bg4 7. Be2 Nbd7 8. e5 dxe5 9. dxe5 Ne8 10.
Be3 c6 11. O-O Nc7 12. Qb3 Qc8 13. h3 Bxf3 14. Bxf3 Ne6 15. Bg4 f5 16. c5 Ndxc5 17. Bxc5 fxg4 18. hxg4 Kh8 19. Be3 Bh6 20.
g5 Bg7 21. Rad1 Nc7 22. Qc2 Qe6 23. Rd2 b6 24. Qd3 Nb5 25. Nxb5 cxb5 26. b3 a6 27. Qd7 Qxd7 28. Rxd7 e6 29.
Re7 Rfe8 30. Rxe8+ Rxe8 31. Bxb6 Kg8 32. Rd1 Kf7 33. Rd7+ Re7 34. Rd6 Rb7 35. Be3 a5 36. Ra6 a4 37. bxa4 bxa4 38. Rxa4 Rb1+ 39. Kf2 Rb2+ 40. Kf3 Rb7 41. Ra7 Rxa7 42. Bxa7 Bf8 43.
a4 Bb4 44. Bb6 Ke7 45. a5 Kd7 46.
a6 Kc6 47. a7 Kb7 48. g4 Bc3 49. Ke4 Bb4 50. f5 exf5+ 51. gxf5 gxf5+ 52. Kxf5 Be7 53. g6 hxg6+ 54. Kxg6 Bb4 55.
Kf7 Ba3 56. e6 Bb4 57. Kf6 Bc3+ 58. Kf5 Bb4 59. Ke4 Be7 60. Kd5 Ba3 61. Bc5 1-0

[Event "Open NK Rapid 2025 bord 26-50"]
[Site "Helmond, Netherlands"]
[Date "2025.05.03"]
[Round "6.7"]
[White "Roebers, Jan"]
[Black "Khatniuk, Anastasiia"]
[Result "1-0"]
[TimeControl "15 min +5 sec increment"]
[WhiteFideId "1007815"]
[BlackFideId "14179105"]
[WhiteElo "2058"]
[BlackElo "1822"]

1. e4 c5 2. a3 e6 3. Nf3 Nc6 4. d4 cxd4 5. Nxd4 a6 6. Nc3 Qc7 7. Be3 b5 8. Qd2 Be7 9. Be2 Nf6 10.
f4 d6 11. O-O O-O 12. e5 dxe5 13. Nxc6 Qxc6 14. fxe5 Rd8 15. Bf3 Nd5 16. Qf2 Qe8 17. Bh5 g6 18. Nxd5 exd5 19. Bf3 Be6 20.
c3 Rac8 21. Rad1 Kg7 22. Rd2 Rc4 23. Rfd1 Qc6 24. Bd4 Bg5 25. Re2 Qb7 26. Qg3 Be7 27. Rf2 Qd7 28. Be2 Rc6 29. Bd3 h5 30.
h4 Bg4 31. e6+ 1-0

[Event "Open NK Rapid 2025 bord 26-50"]
[Site "Helmond, Netherlands"]
[Date "2025.05.03"]
[Round "6.8"]
[White "Kolijn, David"]
[Black "Kshirsagar, Pranav"]
[Result "0-1"]
[TimeControl "15 min +5 sec increment"]
[WhiteFideId "1099213"]
[BlackFideId "1084011"]
[WhiteElo "1812"]
[BlackElo "2049"]

1. e4 c6 2. d4 d5 3. e5 c5 4. dxc5 e6 5. a3 Nd7 6. Nf3 Bxc5 7. b4 Be7 8. Bd3 f6 9. Bb2 Nh6 10. Qe2 fxe5 11. Nxe5 Nxe5 12.
Bxe5 O-O 13. O-O Bf6 14. Rd1 Nf7 15. Bxf6 Qxf6 16. Ra2 e5 17. Bb5 Be6 18. Nc3 a6 19. Ba4 d4 20. Ne4 Qg6 21. Rb2 Bd5 22. f3 Bxe4 23.
Qxe4 Qxe4 24. fxe4 Nd6 25. Bb3+ Kh8 26. Bd5 Rac8 27. g3 Rc3 28. a4 g6 29. Rd3 Rfc8 30. Rxc3 Rxc3 31. Kf2 Kg7 32. b5 a5 33. Kg2 b6 34. Kf2 Ra3 35. Bb3 Nxe4+ 36. Kf3 Nc5 37. Rb1 Nxa4 0-1

[Event "Open NK Rapid 2025 bord 26-50"]
[Site "Helmond, Netherlands"]
[Date "2025.05.03"]
[Round "6.9"]
[White "Van Beek, Harmen"]
[Black "Klein, Ron"]
[Result "0-1"]
[TimeControl "15 min +5 sec increment"]
[WhiteFideId "40100022"]
[BlackFideId "1014668"]
[WhiteElo "1806"]
[BlackElo "2014"]

1. e4 d5 2. exd5 Qxd5 3.
Nc3 Qa5 4. d4 Bf5 5. Nf3 Nf6 6. Bd3 e6 7. Bxf5 Qxf5 8. Be3 Bb4 9. O-O O-O 10. Ne2 Nbd7 11. Ng3 Qd5 12. Bf4 Bd6 13.
Bxd6 Qxd6 14. Re1 Rad8 15. Qe2 c5 16. Rad1 Qb6 17. c3 cxd4 18. Nxd4 Nc5 19. Nh5 Nxh5 20. Qxh5 Rd5 21. Qe2 Rfd8 22.
Nf3 Nd3 23. Rf1 h6 24. Nd4 Nf4 25. Qf3 e5 26. Nb3 e4 27. Qg4 h5 28. Qxf4 0-1

[Event "Open NK Rapid 2025 bord 26-50"]
[Site "Helmond, Netherlands"]
[Date "2025.05.03"]
[Round "6.10"]
[White "Uyttenhove, Pearl"]
[Black "Blijlevens, Pim"]
[Result "0-1"]
[TimeControl "15 min +5 sec increment"]
[WhiteFideId "1052560"]
[BlackFideId "1022997"]
[WhiteElo "1802"]
[BlackElo "1969"]

1. d4 e6 2. Nc3 Bb4 3. Bf4 f5 4. e3 Nf6 5. Bd3 O-O 6. h4 d6 7. a3 Bxc3+ 8. bxc3 Qe7 9. h5 Nd5 10.
c4 Nxf4 11. exf4 Nc6 12. Nf3 e5 13. fxe5 dxe5 14. dxe5 Nxe5 15. O-O Ng4 16. Re1 Qc5 17. Qd2 Bd7 18. Re2 Rae8 19. c3 Qd6 20.
Rxe8 Rxe8 21. Qc2 Qf4 22. Rb1 Bc6 23. Bxf5 Bxf3 24. Bxh7+ Kh8 25. g3 Qe5 0-1

[Event "Open NK Rapid 2025 bord 26-50"]
[Site "Helmond, Netherlands"]
[Date "2025.05.03"]
[Round "6.11"]
[White "Fransen, Jean-Paul"]
[Black "Sleeckx, Alexander"]
[Result "1-0"]
[TimeControl "15 min +5 sec increment"]
[WhiteFideId "40101487"]
[BlackFideId "1091972"]
[WhiteElo "1964"]
[BlackElo "1813"]

1. e4 c5 2. b4 cxb4 3. a3 e5 4.
axb4 Nf6 5. c3 d5 6. exd5 Qxd5 7. Na3 Be7 8. Nb5 Bd8 9. c4 Qe6 10. Nf3 Nc6 11. c5 O-O 12. Nd6 e4 13.
Bc4 Qg4 14. Nxf7 Rxf7 15. Qb3 exf3 16. Bxf7+ Kf8 17. gxf3 Qg2 18. Rf1 Bh3 19. Bc4 Nd4 20. Qc3 Nxf3+ 21. Kd1 Qg4 22. Kc2 Bxf1 23.
Bxf1 Bc7 24. c6 b6 25. b5 Be5 26. Qa3+ Ke8 27. Rb1 Ne1+ 28. Kb3 Qf3+ 29. Ka2 Qxa3+ 30. Bxa3 Nc2 31. d4 Nxa3 32. Re1 Nc2 33. Rxe5+ Kf7 34. Bc4+ Kf8 35. d5 Nd4 36. d6 Nf3 37. Re7 Ng5 38.
Rb7 Nf7 39. Rxf7+ Ke8 40. Rxg7 1-0

[Event "Open NK Rapid 2025 bord 26-50"]
[Site "Helmond, Netherlands"]
[Date "2025.05.03"]
[Round "6.12"]
[White "Chaganti, Prahasith Reddy"]
[Black "Wilming, Auke"]
[Result "0-1"]
[TimeControl "15 min +5 sec increment"]
[WhiteFideId "34697586"]
[BlackFideId "40101096"]
[WhiteElo "1799"]
[BlackElo "1962"]

1. e4 e5 2. Nf3 Nc6 3. Bc4 Nf6 4. Ng5 d5 5. exd5 Na5 6. Bb5+ c6 7.
dxc6 bxc6 8. Bd3 Nd5 9. Nf3 Bd6 10. O-O O-O 11. Re1 f5 12. Nxe5 Qf6 13. Nf3 g5 14. c3 g4 15. Nd4 Qh6 16. g3 Nf4 17. Bf1 Nh3+ 18.
Bxh3 Qxh3 19. b4 f4 20. Qe2 fxg3 21. fxg3 Bxg3 22. hxg3 Qxg3+ 23. Kh1 c5 24. Rg1 Bb7+ 25. Rg2 Rae8 0-1

[Event "Open NK Rapid 2025 bord 26-50"]
[Site "Helmond, Netherlands"]
[Date "2025.05.03"]
[Round "6.13"]
[White "Wolff, Christoph"]
[Black "Kakrana, Reyansh"]
[Result "1-0"]
[TimeControl "15 min +5 sec increment"]
[WhiteFideId "4648706"]
[BlackFideId "1094092"]
[WhiteElo "1941"]
[BlackElo "1796"]

1. e4 c6 2. Nc3 d5 3. Nf3 dxe4 4. Nxe4 Bf5 5. Ng3 Bg6 6. h4 h6 7.
Ne5 Bh7 8. Qh5 g6 9. Qf3 Nf6 10. Bc4 e6 11. Qb3 Qc8 12. d4 b5 13. Be2 Nbd7 14. Bd2 Nxe5 15. dxe5 Nd5 16. c4 bxc4 17. Qxc4 Nb6 18. Qf4 Nd5 19. Qc4 Nb6 20. Qc3 Nd5 21.
Qf3 Bg7 22. Rc1 Bxe5 23. Bxh6 Bxb2 24. Rc2 Bf6 25. Ne4 Be7 26. Bg7 Rg8 27. Bf6 Bb4+ 28. Kf1 Be7 29. Be5 Qd7 30. Ng5 f6 31.
Nxh7 fxe5 32. Ng5 Rf8 33. Qb3 a5 34. Bd3 Ne3+ 35. Ke2 Nxc2 36. Bxg6+ Kd8 37. Nxe6+ Qxe6 38. Rd1+ Qd6 39. Rxd6+ Bxd6 40. Qxc2 Kd7 41. h5 Rf6 42.
g4 Raf8 43. Bf5+ Kc7 44. Qa4 Bb4 45. a3 Bc5 46. Qxa5+ Bb6 47. Qb4 R8f7 48. a4 Ba7 49. f3 Rd6 50. Be4 Rfd7 51. Qa5+ Kb7 52.
Qb5+ Kc7 53. Qxe5 Bd4 54. Qa5+ Bb6 55. Qc3 Re6 56. g5 Rd8 57. h6 Ra8 58. Qc4 Rd6 59. h7 Rad8 60. Qc3 Bd4 61. Qc4 Bb6 62. Bd3 Bd4 63. g6 Bg7 64. f4 Re8+ 65.
Kf3 Rf6 66. f5 Ref8 67. a5 Ra8 68. a6 Bh8 69. Qg8 Rff8 70.
Qe6 Rxa6 71. Bxa6 Ba1 72. Qe7+ Kb6 73. Qxf8 Kxa6 74. h8=Q Bxh8 75. Qxh8 c5 76.
Qc3 c4 77. Ke4 Kb5 78. Kd5 Kb6 79. Qxc4 Kb7 80. Qc6+ Kb8 81. Qd7 Ka8 82. Kc6 Kb8 83. Qb7# 1-0

[Event "Open NK Rapid 2025 bord 26-50"]
[Site "Helmond, Netherlands"]
[Date "2025.05.03"]
[Round "6.14"]
[White "Timmer, Michel"]
[Black "Garay, Enzo"]
[Result "1-0"]
[TimeControl "15 min +5 sec increment"]
[WhiteFideId "40104524"]
[BlackFideId "40104125"]
[WhiteElo "1796"]
[BlackElo "1933"]

1. e4 e6 2. d4 d5 3. Nd2 Nf6 4. e5 Nfd7 5. Bd3 c5 6. c3 Nc6 7. Ne2 f6 8. Nf4 fxe5 9. Qh5+ Ke7 10.
dxe5 Ndxe5 11. Nf3 Nxf3+ 12. gxf3 Qe8 13. Bg6 Qd7 14. Be3 d4 15. O-O-O e5 16. Ne2 Qe6 17. Bg5+ Kd6 18. Be4 h6 19.
cxd4 cxd4 20. Bxc6 bxc6 21. Nxd4 exd4 22. Bf4+ Kd7 23. Rxd4+ Ke7 24. Re4 Kf6 25. Rxe6+ Bxe6 26. Re1 g5 27. Be5+ Kf5 28. Qg4+ Kg6 29.
Qxe6+ Kh5 30. Bxh8 Bb4 31. Qg4+ Kg6 32. Qxb4 Rxh8 33. Re6+ Kf5 34. Qg4# 1-0

[Event "Open NK Rapid 2025 bord 26-50"]
[Site "Helmond, Netherlands"]
[Date "2025.05.03"]
[Round "6.15"]
[White "Meulmeester, Luuk"]
[Black "Alhasan, Husam"]
[Result "1-0"]
[TimeControl "15 min +5 sec increment"]
[WhiteFideId "40111776"]
[BlackFideId "11515090"]
[WhiteElo "1929"]
[BlackElo "1795"]

1. e4 c5 2. c3 d6 3. d4 cxd4 4. cxd4 Nf6 5. Nc3 g6 6. Nf3 Bg7 7. Be2 a6 8. O-O b5 9.
e5 dxe5 10. dxe5 Qxd1 11. Rxd1 Ng4 12. Nd5 Ra7 13. Bf4 Be6 14. h3 Nh6 15. a4 Rd7 16. Nb4 Rxd1+ 17. Rxd1 bxa4 18. Nxa6 O-O 19.
Nc5 Nc6 20. Nxa4 Bb3 21. Ra1 Ra8 22. Bb5 Bd5 23. Rc1 Bxf3 24. Bxc6 Bxc6 25. Rxc6 Nf5 26. Nb6 Rd8 27. Rc8 Rxc8 28.
Nxc8 Nd4 29. Nxe7+ Kf8 30. Nd5 Ne2+ 31. Kf1 Nxf4 32. Nxf4 Bxe5 33. Nd3 Bd4 34. Ke2 f5 35. b3 Ke7 36. Ne1 Kd6 37. Nc2 Ba7 38. f4 Kc5 39.
Kd3 Kd5 40. b4 h5 41. Ne3+ Kc6 42. Nc4 Kb5 43. Ne5 Kxb4 44. Nxg6 Bb8 45. Ke3 Ba7+ 46. Kf3 Bb8 47. Nh4 Kc4 48. Nxf5 Kd5 49. Ng3 Ke6 50. Nxh5 Kf5 51. g4+ Kg6 52.
Ng3 Bc7 53. Ke4 Kh6 54. Kf5 Kh7 55. h4 Kh6 56. g5+ Kh7 57. h5 Kh8 58. Ne4 Kh7 59.
Nf6+ Kh8 60. g6 Bb8 61. h6 Bxf4 62. g7# 1-0

[Event "Open NK Rapid 2025 bord 26-50"]
[Site "Helmond, Netherlands"]
[Date "2025.05.03"]
[Round "6.16"]
[White "De Oude, Sybe"]
[Black "Mau-Asam, LÃ©on"]
[Result "1/2-1/2"]
[TimeControl "15 min +5 sec increment"]
[WhiteFideId "40110052"]
[BlackFideId "40105890"]
[WhiteElo "1914"]
[BlackElo "1795"]

1. e4 c5 2. Nc3 Nc6 3. f4 e6 4. Nf3 Qc7 5. d3 d6 6. Be2 Nf6 7. O-O Be7 8. a3 O-O 9. Qe1 a6 10.
Qg3 Nd4 11. Bd1 Nc6 12. Nh4 Re8 13. f5 e5 14. Bh6 Bf8 15. Nd5 Nxd5 16. exd5 Ne7 17. f6 Ng6 18. Nxg6 hxg6 19. Bg5 Qb6 20.
Qf2 Qc7 21. h4 e4 22. Re1 gxf6 23. Bxf6 b5 24. dxe4 Bd7 25. h5 Bg7 26. hxg6 fxg6 27. Bxg7 Kxg7 28. Qg3 Re5 29. Bf3 Rae8 30.
Rf1 Bc8 31. Rae1 a5 32. Qf4 Rf8 33. Qg3 Rfe8 34. Rf2 Rxd5 35. Ref1 Rde5 36. Rd1 Bb7 37. Re2 R8e6 38. Qf4 Qe7 39.
Qg3 Bxe4 40. Bxe4 Rxe4 41. Rxe4 Rxe4 42. Qc3+ Qf6 43. Qxf6+ Kxf6 44. Rxd6+ Re6 45. Rd2 b4 46. axb4 cxb4 47. Kf2 Kf5 48. Rd5+ Re5 49. Rd3 a4 50. Kf3 Rb5 51. Rd4 g5 52. g4+ Kg6 53.
Ke4 b3 54. cxb3 Rxb3 55. Rxa4 Rxb2 56.
Ra6+ Kg7 57. Ra5 Kg6 58. Ra6+ Kg7 59. Ra5 1/2-1/2

[Event "Open NK Rapid 2025 bord 26-50"]
[Site "Helmond, Netherlands"]
[Date "2025.05.03"]
[Round "6.17"]
[White "Veldhuyzen, Ywein"]
[Black "Kryshtopa, Dmytro"]
[Result "0-1"]
[TimeControl "15 min +5 sec increment"]
[WhiteFideId "1095773"]
[BlackFideId "34160876"]
[WhiteElo "1894"]
[BlackElo "1791"]

1. d4 Nf6 2. c4 c5 3. e3 cxd4 4. exd4 d5 5. Nc3 e6 6. Nf3 Bb4 7. Bd2 O-O 8. Be2 dxc4 9. Bxc4 Nc6 10. Be3 Nd5 11. Rc1 b6 12.
O-O Bxc3 13. bxc3 Bb7 14. Bg5 Qd7 15. Bd3 Rac8 16. Bh4 Nce7 17. Ne5 Qe8 18. Qb3 Ng6 19. Bb5 Nxh4 20. Bxe8 Rfxe8 21. f3 Nf4 22. Rc2 f6 23. Ng4 Ba6 24. Re1 Bc4 25. Qb1 Bd3 26. Qc1 Bxc2 27. Qxf4 Rxc3 28. Nxf6+ gxf6 29. Qxh4 Kf7 30. Qh5+ Bg6 31. Qb5 Re7 32. a4 Rec7 33. a5 Bd3 34.
Qb4 R3c4 35. Qb3 Bc2 36. Qa2 b5 37. Qb2 b4 38. Re3 b3 39. f4 Rd7 40. f5 exf5 41. Rxb3 Bxb3 42. Qxb3 Rdxd4 43. Qb7+ Kg6 44. Qxa7 Rd2 45. Qe3 Rc1+ 0-1

[Event "Open NK Rapid 2025 bord 26-50"]
[Site "Helmond, Netherlands"]
[Date "2025.05.03"]
[Round "6.18"]
[White "Zhang, Xiheng"]
[Black "Jansen, Marijn"]
[Result "1-0"]
[TimeControl "15 min +5 sec increment"]
[WhiteFideId "40102386"]
[BlackFideId "1089587"]
[WhiteElo "1778"]
[BlackElo "1880"]

1. e4 c6 2. d4 d5 3. exd5 cxd5 4.
c4 Nf6 5. Nc3 Nc6 6. Nf3 Bg4 7. cxd5 Nxd5 8. Qb3 Bxf3 9. gxf3 Nxc3 10. bxc3 Qc7 11. Rb1 Rb8 12. d5 Ne5 13. Bb5+ Nd7 14.
Be3 a6 15. Bxd7+ Qxd7 16. O-O Qh3 17. Bf4 Qxf3 18. Bxb8 h5 19. c4 Qg4+ 20. Qg3 Qxc4 21. Rfc1 1-0

[Event "Open NK Rapid 2025 bord 26-50"]
[Site "Helmond, Netherlands"]
[Date "2025.05.03"]
[Round "6.19"]
[White "Kriens, Hans"]
[Black "Thijssen, Freek"]
[Result "1-0"]
[TimeControl "15 min +5 sec increment"]
[WhiteFideId "1093665"]
[BlackFideId "1091840"]
[WhiteElo "1878"]
[BlackElo "1790"]

1. d4 d5 2. c4 e6 3. Nc3 c6 4. Bf4 dxc4 5. a4 Bb4 6. e3 b5 7. axb5 cxb5 8. Qf3 Qd5 9. Bxb8 Rxb8 10.
Rxa7 Nf6 11. Qg3 O-O 12. Qxb8 Ne4 13. Qe5 Nxc3 14. bxc3 Bxc3+ 15. Kd1 b4 16. Ne2 Bb2 17. Nf4 Qxe5 18.
dxe5 c3 19. Kc2 Rd8 20. Nd3 f6 21. Nxb4 Rd2+ 22. Kb3 1-0

[Event "Open NK Rapid 2025 bord 26-50"]
[Site "Helmond, Netherlands"]
[Date "2025.05.03"]
[Round "6.20"]
[White "Rohatgi, Kushagra"]
[Black "Pol, Nico"]
[Result "1-0"]
[TimeControl "15 min +5 sec increment"]
[WhiteFideId "34603212"]
[BlackFideId "1064002"]
[WhiteElo "1774"]
[BlackElo "1878"]

1. e4 d5 2. exd5 Nf6 3. d4 Nxd5 4. Nf3 Bg4 5. Be2 Nc6 6. Bg5 h6 7. Bh4 g5 8. Bg3 Bg7 9. c3 O-O 10.
Qc2 a6 11. Nxg5 Bxe2 1-0

[Event "Open NK Rapid 2025 bord 26-50"]
[Site "Helmond, Netherlands"]
[Date "2025.05.03"]
[Round "6.21"]
[White "Baars, Tije"]
[Black "Cakmak, Metehan Tugra"]
[Result "0-1"]
[TimeControl "15 min +5 sec increment"]
[WhiteFideId "40102157"]
[BlackFideId "44583885"]
[WhiteElo "1870"]
[BlackElo "1787"]

1. d4 Nf6 2. Nc3 d5 3. e4 Nxe4 4.
Nxe4 dxe4 5. Be3 Bf5 6. f3 exf3 7. Nxf3 e6 8. Bc4 Nc6 9. O-O Be7 10. c3 O-O 11. a4 a5 12. Qb3 Qd7 13.
Rad1 Be4 14. Ne5 Nxe5 15. dxe5 Qc8 16. Rd4 Bg6 17. Rdf4 Bg5 18. R4f3 Bxe3+ 19. Rxe3 b6 20. Qd1 Qd8 21. Qg4 Qd2 22. Re2 Qh6 23. Ref2 Rad8 24. Qf3 Bf5 25.
g4 Qg6 26. h3 h5 27. Be2 hxg4 28. hxg4 Bd3 29. Bxd3 Rxd3 30. Qf4 Qh6 31. Qxh6 gxh6 32. Kg2 Rfd8 33. Rf6 Rd2+ 34. Kg3 R8d3+ 35. Kf4 Rxb2 36. Rxh6 Rxc3 37. Rfh1 Kf8 38. Kg5 Ke7 39. Rf1 Rcc2 40. Rh7 Rf2 41. Rc1 Rbc2 42. Rd1 Rc4 43. Rg1 Rxa4 44. Rg3 Rff4 45. Rh4 Rac4 46. Kh6 a4 47. Rhh3 Rxg4 48. Rxg4 Rxg4 49. Rc3 c5 0-1

[Event "Open NK Rapid 2025 bord 26-50"]
[Site "Helmond, Netherlands"]
[Date "2025.05.03"]
[Round "6.22"]
[White "Pieper, Roy"]
[Black "Winter, Sven"]
[Result "0-1"]
[TimeControl "15 min +5 sec increment"]
[WhiteFideId "40101215"]
[BlackFideId "1092375"]
[WhiteElo "1758"]
[BlackElo "1869"]

1. d4 Nf6 2. Bf4 c5 3. d5 b5 4. f3 d6 5. e4 a6 6. a3 g6 7. Qd2 h5 8. h4 Bg7 9. c4 Qb6 10.
Nc3 b4 11. Na4 Qa5 12. axb4 cxb4 13. Ra2 Bd7 14. b3 Nxe4 15. fxe4 Bxa4 16. Rxa4 Qxa4 17. bxa4 Bc3 18. Qxc3 bxc3 19. Rh3 Nd7 20. Ne2 Rc8 21.
Nxc3 Nb6 22. e5 dxe5 23. Bxe5 O-O 24. a5 Nxc4 25. Bxc4 Rxc4 26. Kf2 Rfc8 27. Ne2 R8c5 28. Rc3 Rxc3 29.
Bxc3 Rxd5 30. Nf4 Rc5 31. Bb4 Rc4 32. Nd3 e5 33. Be7 Ra4 34. Bd8 Rd4 35. Nc5 Rxd8 36. Nxa6 Ra8 37. Nb4 Rxa5 38.
Nc6 Rc5 39. Nd8 Rc7 40. Ke3 Kf8 41. Ke4 Ke7 42. Nxf7 Kxf7 43. Kxe5 Rc4 44. g3 Rg4 0-1